MID
BOWLING GREEN HOT RODS @ LAKE COUNTY CAPTAINS
05/14/2020
 
TOP OF THE 1ST
Bowling Green Hot Rods batting - Pitching for Lake County Captains : RHP Jhon Vergara
Pitching: RHP Jhon Vergara
Batting: SHB Greg Jones 0-0: Foul Ball, location: 2F
0-1: Ball
1-1: Ball
2-1: Swinging Strike
2-2: Ball
3-2: Base on Balls
Batting: SHB Nick Sogard 0-0: Called Strike
0-1: Foul Ball, location: 2F
0-2: Ball
1-2: Foul Ball, location: 2F
1-2: Ball
2-2: Foul Ball, location: 2F
2-2: Reached on error, E1 (Groundball, 13S, EV 70.6 MPH)
Greg Jones to second
Batting: RHB Zacrey Law 0-0: Ball
1-0: Ball
2-0: Foul Ball, location: 2F
2-1: Foul Ball, location: 2F
2-2: Foul Ball, location: 2F
2-2: Ball
3-2: Strikes out swinging
Batting: RHB Moises Gomez 0-0: Ball
1-0: Fly out, F7 (Flyball, 78S, EV 78.8 MPH)
Batting: LHB Izzy Wilson 0-0: Swinging Strike
0-1: Foul Ball, location: 2F
0-2: Ball
1-2: Foul Ball, location: 2F
1-2: Fly out, F8 (Flyball, 8RD, EV 88.8 MPH)
Top of the 1st over - 0 runs, 0 hits, 1 error, 2 left on base; Bowling Green 0 - Lake County 0
BOTTOM OF THE 1ST
Lake County Captains batting - Pitching for Bowling Green Hot Rods : LHP Michael Costanzo
Pitching: LHP Michael Costanzo
Batting: SHB Brayan Rocchio 0-0: Foul Ball, location: 2F
0-1: Swinging Strike
0-2: Strikes out looking
Batting: LHB Will Brennan 0-0: Foul Ball, location: 2F
0-1: Ball
1-1: Swinging Strike
1-2: Strikes out swinging
Batting: RHB Zach Weatherford 0-0: Ball
1-0: Called Strike
1-1: Swinging Strike
1-2: Ball
2-2: Ball
3-2: SINGLE (Line Drive, 6D, EV 93.8 MPH)
Batting: LHB Hosea Nelson 0-0: Ball
1-0: Ball
2-0: Fly out, F6 (Popup, 6M, EV 56.9 MPH)
Bottom of the 1st over - 0 runs, 1 hit, 0 errors, 1 left on base; Bowling Green 0 - Lake County 0
TOP OF THE 2ND
Bowling Green Hot Rods batting - Pitching for Lake County Captains : RHP Jhon Vergara
Batting: RHB Osmy Gregorio 0-0: Called Strike
0-1: Ball
1-1: Called Strike
1-2: Ball
2-2: Strikes out swinging
Batting: RHB Kaleo Johnson 0-0: Ball
1-0: Swinging Strike
1-1: Ball
2-1: Ball
3-1: Base on Balls
Batting: LHB Jonathan Embry 0-0: Called Strike
0-1: Ball
1-1: Foul Ball, location: 2F
1-2: Ball
Wild Pitch!
Kaleo Johnson to second
2-2: SINGLE (Groundball, 4D, EV 106.9 MPH)
Kaleo Johnson to third
Batting: RHB Ruben Cardenas 0-0: Fielders Choice at 2nd, 4-6 (Groundball, 34, EV 87.5 MPH)
Kaleo Johnson scores
Batting: SHB Greg Jones 0-0: SINGLE (Groundball, 4D, EV 97.5 MPH)
Ruben Cardenas to second
Runner from 2nd tries for 3rd, SAFE, throw by CF made to third
Batting: SHB Nick Sogard 0-0: Ball
1-0: Foul Ball, location: 2F
1-1: Reached on error, E6 (Groundball, 6, EV 78.8 MPH)
Ruben Cardenas scores
Greg Jones to second
Batting: RHB Zacrey Law 0-0: Ball
1-0: Swinging Strike
1-1: Foul Ball, location: 2F
1-2: Foul Ball, location: 2F
1-2: Strikes out swinging
Top of the 2nd over - 2 runs, 2 hits, 1 error, 2 left on base; Bowling Green 2 - Lake County 0
BOTTOM OF THE 2ND
Lake County Captains batting - Pitching for Bowling Green Hot Rods : LHP Michael Costanzo
Batting: LHB Bo Naylor 0-0: Called Strike
0-1: Called Strike
0-2: Ball
1-2: Ball
2-2: Ball
3-2: Ground out 4-3 (Groundball, 4, EV 82.5 MPH)
Batting: RHB Ike Freeman 0-0: Ball
1-0: Swinging Strike
1-1: Swinging Strike
1-2: Strikes out looking
Batting: RHB Ulysses Cantu 0-0: Ball
1-0: Swinging Strike
1-1: Swinging Strike
1-2: Strikes out swinging
Bottom of the 2nd over - 0 runs, 0 hits, 0 errors, 0 left on base; Bowling Green 2 - Lake County 0
TOP OF THE 3RD
Bowling Green Hot Rods batting - Pitching for Lake County Captains : RHP Jhon Vergara
Batting: RHB Moises Gomez 0-0: Ball
1-0: Ground out 6-3 (Groundball, 6S, EV 80.0 MPH)
Batting: LHB Izzy Wilson 0-0: Ball
1-0: Ball
2-0: Ball
3-0: Called Strike
3-1: Base on Balls
Batting: RHB Osmy Gregorio 0-0: Ball
1-0: Ball
2-0: Called Strike
2-1: Fly out, F7 (Line Drive, 7D, EV 109.4 MPH)
Batting: RHB Kaleo Johnson 0-0: Called Strike
0-1: Ground out 4-3 (Groundball, 4, EV 84.4 MPH)
Top of the 3rd over - 0 runs, 0 hits, 0 errors, 1 left on base; Bowling Green 2 - Lake County 0
BOTTOM OF THE 3RD
Lake County Captains batting - Pitching for Bowling Green Hot Rods : LHP Michael Costanzo
Batting: RHB Ryan Karstetter 0-0: Called Strike
0-1: Called Strike
0-2: Foul Ball, location: 2F
0-2: Ground out 6-3 (Groundball, 6M, EV 101.9 MPH)
Batting: RHB Marcos Gonzalez 0-0: Ground out 1-3 (Groundball, 34S, EV 82.5 MPH)
Batting: SHB Brayan Rocchio 0-0: Ball
1-0: Ball
2-0: Called Strike
2-1: Called Strike
2-2: Strikes out looking
Bottom of the 3rd over - 0 runs, 0 hits, 0 errors, 0 left on base; Bowling Green 2 - Lake County 0
TOP OF THE 4TH
Bowling Green Hot Rods batting - Pitching for Lake County Captains : RHP Jhon Vergara
Batting: LHB Jonathan Embry 0-0: Called Strike
0-1: Foul Ball, location: 2F
0-2: Ball
1-2: Ball
2-2: Strikes out swinging
Batting: RHB Ruben Cardenas 0-0: Ball
1-0: Ball
2-0: Called Strike
2-1: Called Strike
2-2: Ground out 6-3 (Groundball, 6M, EV 89.4 MPH)
Batting: SHB Greg Jones 0-0: Swinging Strike
0-1: DOUBLE (Line Drive, 9LM, EV 108.8 MPH)
Batting: SHB Nick Sogard 0-0: Called Strike
0-1: Ball
1-1: Foul Ball, location: 2F
1-2: Ball
2-2: Ball
3-2: DOUBLE (Groundball, 3L, EV 102.5 MPH)
Greg Jones scores
Batting: RHB Zacrey Law 0-0: Ball
1-0: Called Strike
1-1: DOUBLE (Line Drive, 3D, EV 106.9 MPH)
Nick Sogard scores
Pitching: RHP Zach Hart
Batting: RHB Moises Gomez 0-0: Called Strike
0-1: Called Strike
0-2: Ball
1-2: Ball
2-2: Foul Ball, location: 2F
2-2: Ball
3-2: Strikes out looking
Top of the 4th over - 2 runs, 3 hits, 0 errors, 1 left on base; Bowling Green 4 - Lake County 0
BOTTOM OF THE 4TH
Lake County Captains batting - Pitching for Bowling Green Hot Rods : LHP Michael Costanzo
Batting: LHB Will Brennan 0-0: Ball
1-0: Ball
2-0: Called Strike
2-1: Foul Ball, location: 2F
2-2: Foul Ball, location: 2F
2-2: Foul Ball, location: 2F
2-2: Strikes out swinging
Batting: RHB Zach Weatherford 0-0: Foul Ball, location: 2F
0-1: Called Strike
0-2: Foul Ball, location: 2F
0-2: Ball
1-2: Foul Ball, location: 2F
1-2: Strikes out swinging
Batting: LHB Hosea Nelson 0-0: Ball
1-0: Ball
2-0: Foul Ball, location: 2F
2-1: Ball
3-1: Base on Balls
Batting: LHB Bo Naylor 0-0: Called Strike
0-1: Ball
1-1: Swinging Strike
1-2: Ball
2-2: Ball
3-2: Strikes out looking
Bottom of the 4th over - 0 runs, 0 hits, 0 errors, 1 left on base; Bowling Green 4 - Lake County 0
TOP OF THE 5TH
Bowling Green Hot Rods batting - Pitching for Lake County Captains : RHP Zach Hart
Batting: LHB Izzy Wilson 0-0: Called Strike
0-1: Fly out, F7 (Flyball, 78D, EV 97.5 MPH)
Batting: RHB Osmy Gregorio 0-0: Ball
1-0: Ball
2-0: Fly out, F7 (Flyball, 7S, EV 75.0 MPH)
Batting: RHB Kaleo Johnson 0-0: Ball
1-0: Foul Ball, location: 2F
1-1: Ball
2-1: SINGLE (Groundball, 34S, EV 100.0 MPH)
Batting: LHB Jonathan Embry 0-0: Swinging Strike
0-1: Ball
1-1: Ball
2-1: Foul Ball, location: 2F
2-2: Ball
3-2: Base on Balls
Kaleo Johnson to second
Batting: RHB Ruben Cardenas 0-0: Foul Ball, location: 2F
0-1: Called Strike
0-2: Ball
1-2: Ball
2-2: Ball
3-2: Foul Ball, location: 2F
3-2: DOUBLE (Line Drive, 9LM, EV 100.6 MPH)
Kaleo Johnson scores
Jonathan Embry to third
Jonathan Embry scores
Batting: SHB Greg Jones 0-0: Ball
1-0: Called Strike
1-1: Ball
2-1: Foul Ball, location: 2F
2-2: Strikes out looking
Top of the 5th over - 2 runs, 2 hits, 0 errors, 1 left on base; Bowling Green 6 - Lake County 0
BOTTOM OF THE 5TH
Lake County Captains batting - Pitching for Bowling Green Hot Rods : LHP Michael Costanzo
Batting: RHB Ike Freeman 0-0: Foul Ball, location: 2F
0-1: Ball
1-1: Ground out 6-3 (Groundball, 6, EV 88.1 MPH)
Batting: RHB Ulysses Cantu 0-0: Called Strike
0-1: Foul Ball, location: 2F
0-2: Foul Ball, location: 2F
0-2: Ball
1-2: Ball
2-2: Ball
3-2: DOUBLE (Flyball, 8RXD, EV 103.1 MPH)
Batting: RHB Ryan Karstetter 0-0: Ball
1-0: Called Strike
1-1: Ball
2-1: Foul Ball, location: 2F
2-2: Foul Ball, location: 2F
2-2: Fly out, F7 (Flyball, 78M, EV 86.9 MPH)
Batting: RHB Marcos Gonzalez 0-0: Called Strike
0-1: Foul Ball, location: 2F
0-2: Ball
1-2: SINGLE (Line Drive, 34D, EV 110.0 MPH)
Ulysses Cantu to third
Batting: SHB Brayan Rocchio 0-0: Called Strike
0-1: Ball
1-1: Ball
2-1: Ball
3-1: Foul Ball, location: 2F
3-2: Foul Ball, location: 2F
3-2: Base on Balls
Marcos Gonzalez to second
Batting: LHB Will Brennan 0-0: SINGLE (Groundball, 3S, EV 74.4 MPH) (infield hit)
Ulysses Cantu scores
Marcos Gonzalez to third
Brayan Rocchio to second
Batting: RHB Zach Weatherford 0-0: Ball
1-0: Ball
2-0: Swinging Strike
2-1: Foul Ball, location: 2F
2-2: Strikes out swinging wild pitch, reaches first!
Marcos Gonzalez scores
Brayan Rocchio to third
Will Brennan to second
Pitching: RHP Jayden Murray
Batting: LHB Hosea Nelson 0-0: Called Strike
0-1: Fly out, F9 (Flyball, 89M, EV 96.9 MPH)
Bottom of the 5th over - 2 runs, 3 hits, 0 errors, 3 left on base; Bowling Green 6 - Lake County 2
TOP OF THE 6TH
Bowling Green Hot Rods batting - Pitching for Lake County Captains : RHP Zach Hart
Batting: SHB Nick Sogard 0-0: Ball
1-0: Ball
2-0: Called Strike
2-1: Ball
3-1: Base on Balls
Pitching: RHP Jhon Peluffo
Batting: RHB Zacrey Law 0-0: Called Strike
0-1: SINGLE (Groundball, 4M, EV 105.0 MPH) (infield hit)
Nick Sogard to second
Batting: RHB Moises Gomez 0-0: Grounds into double play, 6-4-3 (Groundball, 6S, EV 86.3 MPH)
Nick Sogard to third
Batting: LHB Izzy Wilson 0-0: Called Strike
0-1: Ball
1-1: Ground out 3-1 (Groundball, 34S, EV 68.1 MPH)
Top of the 6th over - 0 runs, 1 hit, 0 errors, 1 left on base; Bowling Green 6 - Lake County 2
BOTTOM OF THE 6TH
Lake County Captains batting - Pitching for Bowling Green Hot Rods : RHP Jayden Murray
Batting: LHB Bo Naylor 0-0: Swinging Strike
0-1: Called Strike
0-2: Fly out, F9 (Flyball, 9, EV 88.1 MPH)
Batting: RHB Ike Freeman 0-0: Ball
1-0: Ball
2-0: Foul Ball, location: 2F
2-1: Foul Ball, location: 2F
2-2: Ground out 5-3 (Groundball, 5, EV 86.9 MPH)
Batting: RHB Ulysses Cantu 0-0: Ball
1-0: Called Strike
1-1: Called Strike
1-2: Ball
2-2: Foul Ball, location: 2F
2-2: SOLO HOME RUN (Flyball, 7D, EV 104.4 MPH), Distance : 411 ft
Batting: RHB Ryan Karstetter 0-0: Bunt - Flyout to 13S! F1
Bottom of the 6th over - 1 run, 1 hit, 0 errors, 0 left on base; Bowling Green 6 - Lake County 3
TOP OF THE 7TH
Bowling Green Hot Rods batting - Pitching for Lake County Captains : RHP Jhon Peluffo
Batting: RHB Osmy Gregorio 0-0: Fly out, F7 (Flyball, 78D, EV 98.1 MPH)
Batting: RHB Kaleo Johnson 0-0: Ball
1-0: SINGLE (Line Drive, 9S, EV 94.4 MPH)
Batting: LHB Jonathan Embry 0-0: Called Strike
0-1: Called Strike
0-2: Foul Ball, location: 2F
0-2: Grounds out, U3 (Groundball, 3L, EV 105.6 MPH)
Batting: RHB Ruben Cardenas 0-0: Foul Ball, location: 2F
0-1: Fly out, F8 (Line Drive, 8RD, EV 84.4 MPH)
Top of the 7th over - 0 runs, 1 hit, 0 errors, 1 left on base; Bowling Green 6 - Lake County 3
BOTTOM OF THE 7TH
Lake County Captains batting - Pitching for Bowling Green Hot Rods : RHP Jayden Murray
Batting: RHB Marcos Gonzalez 0-0: Ball
1-0: Ball
2-0: Ball
3-0: Called Strike
3-1: Called Strike
3-2: SINGLE (Groundball, 25, EV 73.1 MPH) (infield hit)
Batting: SHB Brayan Rocchio 0-0: Called Strike
0-1: Swinging Strike
0-2: Ball
1-2: Ball
2-2: SINGLE (Groundball, 34D, EV 103.8 MPH)
Marcos Gonzalez to second
Runner from 2nd tries for 3rd, SAFE, no throw by RF
Batting: LHB Will Brennan 0-0: Called Strike
0-1: Ball
1-1: Foul Ball, location: 2F
1-2: Ball
2-2: Strikes out looking
Batting: RHB Zach Weatherford 0-0: Ball
1-0: Called Strike
1-1: Swinging Strike
1-2: Strikes out swinging
Pitching: LHP Luis Moncada
Batting: LHB Hosea Nelson 0-0: Ball
1-0: Ball
2-0: Called Strike
2-1: Swinging Strike
2-2: Foul Ball, location: 2F
2-2: SINGLE (Groundball, 23, EV 69.4 MPH) (infield hit)
Marcos Gonzalez scores
Brayan Rocchio to second
Batting: LHB Bo Naylor 0-0: Ball
1-0: Swinging Strike
1-1: Ball
2-1: Foul Ball, location: 2F
2-2: Foul Ball, location: 2F
2-2: Foul Ball, location: 2F
2-2: Foul Ball, location: 2F
2-2: SINGLE (Line Drive, 89S, EV 92.5 MPH)
Brayan Rocchio to third
Hosea Nelson to second
Batting: RHB Ike Freeman 0-0: Fly out, F8 (Flyball, 8RS, EV 97.5 MPH)
Bottom of the 7th over - 1 run, 4 hits, 0 errors, 3 left on base; Bowling Green 6 - Lake County 4
TOP OF THE 8TH
Bowling Green Hot Rods batting - Pitching for Lake County Captains : RHP Jhon Peluffo
Batting: SHB Greg Jones 0-0: Foul Ball, location: 2F
0-1: Ground out 5-3 (Groundball, 56, EV 80.6 MPH)
Batting: SHB Nick Sogard 0-0: Ball
1-0: Ball
2-0: Swinging Strike
2-1: Swinging Strike
2-2: Ball
3-2: Foul Ball, location: 2F
3-2: Foul Ball, location: 2F
3-2: Foul Ball, location: 2F
3-2: Foul Ball, location: 2F
3-2: Strikes out swinging, 2-3 out at first.
Batting: RHB Zacrey Law 0-0: Ball
1-0: Called Strike
1-1: Ball
2-1: Swinging Strike
2-2: Ground out 5-3 (Groundball, 56, EV 106.9 MPH)
Top of the 8th over - 0 runs, 0 hits, 0 errors, 0 left on base; Bowling Green 6 - Lake County 4
BOTTOM OF THE 8TH
Lake County Captains batting - Pitching for Bowling Green Hot Rods : LHP Luis Moncada
Batting: RHB Ulysses Cantu 0-0: Foul Ball, location: 2F
0-1: Foul Ball, location: 2F
0-2: Strikes out looking
Batting: RHB Ryan Karstetter 0-0: Ball
1-0: Ball
2-0: Foul Ball, location: 2F
2-1: Foul Ball, location: 2F
2-2: Ground out U3 (Groundball, 34, EV 87.5 MPH)
Batting: RHB Marcos Gonzalez 0-0: Ball
1-0: Ball
2-0: Ball
3-0: Called Strike
3-1: Base on Balls
Pitching: RHP Joel Peguero
Batting: SHB Brayan Rocchio 0-0: Swinging Strike
0-1: Foul Ball, location: 2F
0-2: Foul Ball, location: 2F
0-2: Ball
1-2: Strikes out swinging
Bottom of the 8th over - 0 runs, 0 hits, 0 errors, 1 left on base; Bowling Green 6 - Lake County 4
TOP OF THE 9TH
Bowling Green Hot Rods batting - Pitching for Lake County Captains : RHP Jhon Peluffo
Batting: RHB Moises Gomez 0-0: Swinging Strike
0-1: Foul Ball, location: 2F
0-2: Strikes out swinging
Batting: LHB Izzy Wilson 0-0: Called Strike
0-1: Ball
1-1: Ball
2-1: Foul Ball, location: 2F
2-2: Ground out 6-3 (Groundball, 56, EV 82.5 MPH)
Batting: RHB Osmy Gregorio 0-0: Ball
1-0: Foul Ball, location: 2F
1-1: Ball
2-1: Ball
3-1: Base on Balls
Pitching: LHP Jake Miednik
Batting: RHB Kaleo Johnson 0-0: Foul Ball, location: 2F
0-1: Ground out 5-3 (Groundball, 56S, EV 94.4 MPH)
Top of the 9th over - 0 runs, 0 hits, 0 errors, 1 left on base; Bowling Green 6 - Lake County 4
BOTTOM OF THE 9TH
Lake County Captains batting - Pitching for Bowling Green Hot Rods : RHP Joel Peguero
Batting: LHB Will Brennan 0-0: Ball
1-0: Ball
2-0: Ball
3-0: Base on Balls
Batting: RHB Zach Weatherford 0-0: Ball
1-0: Ball
Wild Pitch!
Will Brennan to second
2-0: Foul Ball, location: 2F
2-1: Ball
3-1: Called Strike
3-2: Base on Balls
Batting: LHB Hosea Nelson 0-0: Ball
1-0: Ball
2-0: Called Strike
2-1: Ball
3-1: Called Strike
3-2: Base on Balls
Will Brennan to third
Zach Weatherford to second
Batting: LHB Bo Naylor 0-0: Fly out, F4 (Popup, 34S, EV 73.1 MPH)
Batting: RHB Ike Freeman 0-0: Called Strike
0-1: Fly out, F9 (Flyball, 9S, EV 78.8 MPH)
Batting: RHB Ulysses Cantu 0-0: Ball
1-0: Foul Ball, location: 2F
1-1: Ball
2-1: Called Strike
2-2: Foul Ball, location: 2F
2-2: Ball
3-2: Ground out 6-3 (Groundball, 6, EV 86.9 MPH)
Bottom of the 9th over - 0 runs, 0 hits, 0 errors, 3 left on base; Bowling Green 6 - Lake County 4
Wednesday, May 20th, 2020 - OOTP Baseball 21.3 Build 48